[Event "Nové Hrady - Rapid A"]
[Site "Nové Hrady, Czech Republic"]
[Date "2023.08.12"]
[Round "4.6"]
[White "Martinkovič, Adam"]
[Black "Urban, Zdeněk"]
[Result "0-1"]
[TimeControl "2x20min+5s"]
[WhiteFideId "23728019"]
[BlackFideId "312754"]
[WhiteElo "1808"]
[BlackElo "2048"]

1. c4 e5 2. Nc3 c6 3. d4 d6 4. g3 Nf6 5. Bg5 Nbd7 6. Bg2 Qb6 7. dxe5 dxe5 8. Qc2 Be7 9. Nf3 O-O 10.
O-O Qc7 11. e3 h6 12. Bxf6 Nxf6 13. Ne4 Ne8 14. Rfd1 Bg4 15. Rd2 f5 16. Nc3 Nf6 17. h3 Bxf3 18. Bxf3 e4 19. Bg2 Rad8 20. Rad1 Nd7 21. Ne2 Nc5 22.
Rxd8 Rxd8 23. Rxd8+ Qxd8 24. Nd4 g6 25. Bf1 a5 26. Nb3 Ne6 27. Be2 b6 28. Kf1 Kg7 29. Nd2 Bf6 30. Ke1 Nc5 31.
b3 Qd6 32. a3 Na6 33. Nb1 Qe5 34. Qa2 h5 35. h4 Nc5 36. Qc2 Qa1 37.
Kd2 Bb2 38. a4 Qa2 39. Bd1 Nd3 40. Ke2 Nb4 41. Qd2 Qxb1 42. Qd7+ Kh6 0-1

[Event "Nové Hrady - Rapid A"]
[Site "Nové Hrady, Czech Republic"]
[Date "2023.08.12"]
[Round "4.8"]
[White "Hokr, Matyáš"]
[Black "Drda, Štěpán"]
[Result "0-1"]
[TimeControl "2x20min+5s"]
[WhiteFideId "23734663"]
[BlackFideId "23731567"]
[WhiteElo "1228"]
[BlackElo "1582"]

1. e4 c6 2. d4 d5 3. e5 c5 4. c3 Nc6 5. Nf3 Bg4 6. Bf4 e6 7. Nbd2 Qb6 8. Nb3 cxd4 9. cxd4 Nge7 10. Be2 Nf5 11. Be3 Bb4+ 12. Kf1 O-O 13.
h3 Bxf3 14. gxf3 Rac8 15. Rg1 Be7 16.
Qd2 Bh4 17. Rd1 Nb4 18. Nc5 Rfd8 19. Bg5 Bxg5 20. Qxg5 g6 21. h4 Nxd4 22. Rxd4 Qxc5 23. Rd1 Nc6 24. h5 Qe7 25. hxg6 hxg6 26.
Qh6 Nxe5 27. f4 Nd7 28. Bh5 Nf8 29. Rg3 Qh4 30. Kg2 Rc4 31. Rg4 Qf6 32. Rh1 Qg7 33. Qg5 Rdc8 34. Rg3 Rc2 35.
Bf3 Qxb2 36. Rgh3 Rxf2+ 37. Kg3 Rfc2 38. f5 Qe5+ 39. Kg4 R8c4+ 0-1

[Event "Nové Hrady - Rapid A"]
[Site "Nové Hrady, Czech Republic"]
[Date "2023.08.12"]
[Round "5.1"]
[White "Hák, David"]
[Black "Půlpán, Jakub"]
[Result "0-1"]
[TimeControl "2x20min+5s"]
[WhiteFideId "377007"]
[BlackFideId "302759"]
[WhiteElo "2123"]
[BlackElo "2515"]

1. d4 Nf6 2. c4 e6 3. Nf3 d5 4.
Nc3 c5 5. cxd5 exd5 6. g3 Nc6 7.
Bg2 cxd4 8. Nxd4 Bc5 9. Nxc6 bxc6 10. O-O O-O 11.
Na4 Bb6 12. Qc2 Bd7 13. Nc5 Re8 14. Be3 Rxe3 15. fxe3 Qe7 16. Nxd7 Qxd7 17. Kh1 Bxe3 18. Rf3 Re8 19. Raf1 Qd6 20.
Qb3 Bd4 21. e3 Bb6 22. Rc1 Ng4 23. e4 Qh6 24. h3 Qxc1+ 25. Rf1 Qd2 26. exd5 Ne3 0-1

[Event "Nové Hrady - Rapid A"]
[Site "Nové Hrady, Czech Republic"]
[Date "2023.08.12"]
[Round "5.2"]
[White "Babula, Milan"]
[Black "Šlechta, Adam"]
[Result "1-0"]
[TimeControl "2x20min+5s"]
[WhiteFideId "300632"]
[BlackFideId "23734450"]
[WhiteElo "2212"]
[BlackElo "1409"]

1. e4 d6 2. d4 Nf6 3. Nc3 g6 4. f4 Bg7 5. Nf3 O-O 6. e5 dxe5 7. dxe5 Ng4 8. Qxd8 Rxd8 9. h3 Nh6 10. g4 Nc6 11. Be3 f5 12.
Bc4+ Nf7 13. Ng5 e6 14. Bxe6 Bxe6 15. Nxe6 Rd7 16. Nc5 Rdd8 17. Nxb7 Rdb8 18. Nc5 Rxb2 19. O-O-O Rab8 20. Nb3 Ra8 1-0

[Event "Nové Hrady - Rapid A"]
[Site "Nové Hrady, Czech Republic"]
[Date "2023.08.12"]
[Round "5.3"]
[White "Garabik, Marek"]
[Black "Steinbauer, Sebastián"]
[Result "1-0"]
[TimeControl "2x20min+5s"]
[WhiteFideId "23717742"]
[BlackFideId "399272"]
[WhiteElo "1767"]
[BlackElo "1833"]

1. e4 c5 2. Nc3 g6 3.
f4 Bg7 4. Nf3 Nc6 5. Bb5 a6 6. Bxc6 dxc6 7. d3 b5 8. O-O b4 9. Ne2 a5 10.
c3 Ba6 11. c4 e6 12. Qc2 Qd7 13. Be3 Qe7 14. d4 cxd4 15.
Bxd4 Bxd4+ 16. Nexd4 Qc5 17. b3 Ne7 18. Qf2 O-O 19. Kh1 Qd6 20. Qh4 c5 21. Ng5 h5 22. Ndf3 Bb7 23. Rad1 Qc7 24.
e5 Nf5 25. Qe1 Rad8 26. Rxd8 Rxd8 27. Ne4 Bxe4 28. Qxe4 Qd7 29.
Qe1 Qd3 30. Rf2 Qd1 31. Rf1 Ne3 32. Qxd1 Rxd1 33. Rxd1 Nxd1 34. Nd2 Nc3 35. Kg1 Nxa2 36. Ne4 Nc1 37. Nxc5 Kf8 38.
Kf2 a4 39. Nxa4 Nxb3 40. Ke3 Na5 41. Kd4 Nb7 42. Nb2 Ke7 43. Nd3 b3 44. Kc3 Kd7 45. Kxb3 Kc6 46. Kb4 Kb6 47. Nf2 Nd8 48.
Ne4 Kc6 49. Nd6 f6 50. g3 fxe5 51. fxe5 Kc7 52. Kc5 Nc6 53. Nf7 Kd7 54. h4 Ne7 55. Ng5 Nf5 56. Ne4 Kc7 57. Ng5 Nxg3 58. Nxe6+ Kd7 59. Nf4 Ke7 60. Kd5 Nf5 61. Nxg6+ Kf7 62. Nf4 Nxh4 63. Nxh5 Ke7 64. Ng3 Ng6 65. Nf5+ Kd8 66. c5 Nf4+ 67. Ke4 Ne6 68. Kd5 Nf4+ 69. Kd6 Nd3 70. Nd4 Kc8 71. e6 Kd8 72. c6 Nb4 73. c7+ Kc8 74. e7 1-0

[Event "Nové Hrady - Rapid A"]
[Site "Nové Hrady, Czech Republic"]
[Date "2023.08.12"]
[Round "5.4"]
[White "Pochinkov, Andrey"]
[Black "Rausch, Rudolf"]
[Result "1-0"]
[TimeControl "2x20min+5s"]
[WhiteFideId "4146387"]
[BlackFideId "1639455"]
[WhiteElo "2052"]
[BlackElo "1861"]

1. Nf3 g6 2. d4 d5 3. e3 Bg7 4. Bd3 Nf6 5.
Nbd2 O-O 6. O-O Nc6 7. c3 a6 8. h3 Bd7 9. e4 dxe4 10. Nxe4 Nxe4 11. Bxe4 e6 12. Bf4 Qc8 13. Qd2 Ne7 14.
Bh6 Bc6 15. Rae1 Bxe4 16. Rxe4 Nf5 17. Bxg7 Kxg7 18. Ne5 c5 19.
g4 Nd6 20. Rf4 cxd4 21. Qxd4 Nb5 22. Qe3 Qc7 23. c4 Na7 24. g5 Nc6 25. Ng4 Rad8 26. Nf6 Qe5 27. Qg3 Rd4 28. Qh4 h5 29.
gxh6+ Kh8 30. Rxd4 Nxd4 31. f4 Qe3+ 32. Qf2 Qxf2+ 33. Kxf2 Nf5 34. Rd1 Nxh6 35. Rd7 b5 36. c5 Kg7 37. Ne4 Rc8 38. b4 Rc6 39.
Rb7 a5 40. a3 axb4 41. axb4 Nf5 42. Rxb5 Rc7 43. Ra5 Ne7 44. b5 Nd5 45. b6 Nxb6 46. cxb6 Rc2+ 47. Ke3 Rb2 48. Ra6 Kh6 49. Nd6 f6 50.
b7 e5 51. fxe5 fxe5 52. Ra8 1-0

[Event "Nové Hrady - Rapid A"]
[Site "Nové Hrady, Czech Republic"]
[Date "2023.08.12"]
[Round "5.5"]
[White "Slabý, Matěj"]
[Black "Urban, Zdeněk"]
[Result "0-1"]
[TimeControl "2x20min+5s"]
[WhiteFideId "23734876"]
[BlackFideId "312754"]
[WhiteElo "1944"]
[BlackElo "2048"]

1. e4 c5 2. Nf3 d6 3. Bb5+ Nd7 4. d4 Qb6 5. c4 cxd4 6. Nxd4 a6 7. Bxd7+ Bxd7 8. Nc3 e6 9. O-O Nf6 10.
Qd3 Be7 11. Be3 Qc7 12. Rac1 O-O 13. Rfd1 Rac8 14. b3 Qa5 15. f3 Rfd8 16. Qd2 Be8 17. Nd5 Qxd2 18. Nxe7+ Kf8 19. Rxd2 Kxe7 20. Rcd1 h6 21. Kf2 Bd7 22. Ne2 Bc6 23. a4 Bxe4 24.
Bb6 Rd7 25. fxe4 Nxe4+ 26. Ke3 Nxd2 27.
Rxd2 f5 28. Ba5 g5 29. g3 d5 30.
cxd5 Rxd5 31. Bb4+ Kf7 32. Rxd5 exd5 33. Nc3 Ke6 34. Kd4 b6 35. Ba3 h5 36. Bc1 Rg8 37. Be3 h4 38. Kd3 f4 39. gxf4 g4 40.
Ne2 g3 41. hxg3 h3 42. Bg1 Kf5 43. Nd4+ Kg4 44. Bh2 Rc8 45. f5 Kg5 46. g4 Rc1 47. Ke3 Kxg4 48. f6 Rf1 49. Ne2 Rxf6 50. Nc3 Rf3+ 51. Kd4 Rf2 52. Bb8 Rd2+ 53. Ke3 h2 54. Bxh2 Rxh2 55. Kd4 Rd2+ 56. Ke3 Rb2 57. Nxd5 Rxb3+ 58. Kd4 0-1

[Event "Nové Hrady - Rapid A"]
[Site "Nové Hrady, Czech Republic"]
[Date "2023.08.12"]
[Round "5.6"]
[White "Prinz, Hubert"]
[Black "Drda, Štěpán"]
[Result "1-0"]
[TimeControl "2x20min+5s"]
[WhiteFideId "1639447"]
[BlackFideId "23731567"]
[WhiteElo "2038"]
[BlackElo "1582"]

1. d4 c6 2. Nf3 d5 3.
e3 Nf6 4. Bd3 Bg4 5. Nbd2 e6 6. c4 c5 7. cxd5 Nxd5 8. dxc5 Bxf3 9. Nxf3 Nc6 10. O-O Bxc5 11. a3 O-O 12. Bxh7+ Kxh7 13.
Qc2+ Kg8 14. Qxc5 Rc8 15. Qb5 Qe7 16.
e4 Nf6 17. Bg5 Rc7 18. e5 Nxe5 19. Qxe5 Rc5 20. Bxf6 gxf6 21. Qg3+ Kh8 22. Qh4+ Kg7 23. Rae1 Rh8 24. Qg3+ Kf8 25.
Re4 f5 26. Re5 Rg8 27. Qf4 Rc6 28. Rfe1 Rg6 29. g3 Qf6 30. R5e2 b5 31. Ne5 1-0

[Event "Nové Hrady - Rapid A"]
[Site "Nové Hrady, Czech Republic"]
[Date "2023.08.12"]
[Round "5.7"]
[White "Kukla, Josef"]
[Black "Martinkovič, Adam"]
[Result "0-1"]
[TimeControl "2x20min+5s"]
[WhiteFideId "23725869"]
[BlackFideId "23728019"]
[WhiteElo "1364"]
[BlackElo "1808"]

1. d4 c5 2. Nf3 Nf6 3. Bf4 g6 4. e3 Bg7 5. c3 cxd4 6. cxd4 O-O 7. Be2 Qb6 8. Qc2 d5 9. Nc3 Bf5 10.
Qb3 Qxb3 11. axb3 Nc6 12. O-O e6 13. Nh4 Bc2 14. Bd1 Bd3 15. Be2 Bxe2 16. Nxe2 Ne4 17. Nf3 Rfc8 18. Nc3 a6 19. Nxe4 dxe4 20. Nd2 f5 21. Rfc1 Nb4 22.
Nc4 Nd3 23. Rcb1 Rc6 24. Bg5 Kf7 25. h3 b5 26. Na5 Rc2 27. Bh4 e5 28. dxe5 Bxe5 29. Bg3 Bxg3 30. fxg3 Re2 31. Nc6 Rxe3 32. Kh2 Re2 33. Ra2 Rc2 34.
Nd4 Rc1 35. Rxc1 Nxc1 36. Ra1 Nd3 37. Nxb5 Nxb2 38. Nc3 Nd3 39. Kg1 Rc8 40. Ne2 Rc6 41. Nf4 Ne5 42. Kf2 g5 43. Nd5 Nd3+ 44.
Ke3 Ke6 45. Rxa6 0-1

[Event "Nové Hrady - Rapid A"]
[Site "Nové Hrady, Czech Republic"]
[Date "2023.08.12"]
[Round "6.1"]
[White "Půlpán, Jakub"]
[Black "Babula, Milan"]
[Result "1/2-1/2"]
[TimeControl "2x20min+5s"]
[WhiteFideId "302759"]
[BlackFideId "300632"]
[WhiteElo "2515"]
[BlackElo "2212"]

1. Nf3 Nf6 2. b3 g6 3.
Bb2 Bg7 4. g3 O-O 5. Bg2 c5 6. c4 Nc6 7. O-O d6 8. d4 cxd4 9. Nxd4 Bd7 10. Nc3 Nxd4 11. Qxd4 Bc6 12. Nd5 Bxd5 13. Bxd5 Nh5 14. Qd2 Bxb2 15.
Qxb2 Qb6 16. Rfd1 Rac8 17. Rd2 Nf6 18.
Bf3 Rc5 19. Rad1 Qc7 20. h4 Rc8 21. a4 a5 22. Rxd6 exd6 23. Qxf6 Rf5 24. Qxd6 Qxd6 25. Rxd6 Rc7 26. Rb6 Re5 27. e3 Re6 28. Rb5 b6 29. Rd5 Kf8 30. Rd8+ Ke7 31. Rb8 Rd6 32. Bd5 Rcd7 33.
e4 Rd8 34. Rb7+ R8d7 35. Rb8 1/2-1/2

[Event "Nové Hrady - Rapid A"]
[Site "Nové Hrady, Czech Republic"]
[Date "2023.08.12"]
[Round "6.2"]
[White "Pochinkov, Andrey"]
[Black "Hák, David"]
[Result "1-0"]
[TimeControl "2x20min+5s"]
[WhiteFideId "4146387"]
[BlackFideId "377007"]
[WhiteElo "2052"]
[BlackElo "2123"]

1. Nf3 d5 2. d4 Nf6 3. e3 e6 4. Bd3 c5 5. c3 Nc6 6. Nbd2 b6 7. O-O Bd6 8. e4 dxe4 9. Nxe4 O-O 10.
Nxf6+ gxf6 11. Nh4 f5 12. Qh5 cxd4 13. Nf3 Be7 14. Bh6 Re8 15. Bb5 Bd7 16. Bxc6 Bxc6 17. Ne5 Bf8 18. Qxf7+ Kh8 19. Nxc6 Qd6 20. Qf6+ Kg8 21. Bxf8 Rxf8 22. Ne7+ Qd8 1-0

[Event "Nové Hrady - Rapid A"]
[Site "Nové Hrady, Czech Republic"]
[Date "2023.08.12"]
[Round "6.3"]
[White "Urban, Zdeněk"]
[Black "Garabik, Marek"]
[Result "1-0"]
[TimeControl "2x20min+5s"]
[WhiteFideId "312754"]
[BlackFideId "23717742"]
[WhiteElo "2048"]
[BlackElo "1767"]

1. d4 d5 2. c4 e6 3. Nc3 Nf6 4. Nf3 c6 5. e3 Be7 6. Bd3 O-O 7. Bd2 Nbd7 8. O-O b6 9. Rc1 Bb7 10.
cxd5 exd5 11. Ne5 c5 12. f4 cxd4 13. exd4 Ne4 14. Nxe4 dxe4 15. Bc4 Rc8 16. Be3 a6 17. Qb3 Nxe5 18. fxe5 Rxc4 19. Qxc4 b5 20.
Qc7 Bd5 21. Qxd8 Bxd8 22. b3 Bb6 23. Rc2 Rd8 24. Rd1 a5 25. Rdc1 Bb7 26. Kf2 h6 27. Rd2 b4 28. Rc4 Kf8 29.
Rdc2 Ke7 30. g4 Ba6 31. Kg3 Bxc4 32. Rxc4 g5 33. h4 gxh4+ 34. Kxh4 Rd7 35. Kh5 Bc7 36. Kxh6 f6 37. exf6+ Kxf6 38. g5+ Kf5 39. g6 Rd6 40.
Rc5+ Kg4 41. Rxc7 1-0

[Event "Nové Hrady - Rapid A"]
[Site "Nové Hrady, Czech Republic"]
[Date "2023.08.12"]
[Round "6.4"]
[White "Steinbauer, Sebastián"]
[Black "Prinz, Hubert"]
[Result "1-0"]
[TimeControl "2x20min+5s"]
[WhiteFideId "399272"]
[BlackFideId "1639447"]
[WhiteElo "1833"]
[BlackElo "2038"]

1. e4 d5 2. exd5 Qxd5 3. d4 Nf6 4. Nc3 Qd6 5. Nf3 a6 6. Bc4 b5 7. Bb3 Bb7 8. O-O e6 9. Re1 c5 10. dxc5 Qxd1 11. Rxd1 Bxf3 12. gxf3 Bxc5 13. Bg5 Nbd7 14. Ne4 Be7 15.
Nd6+ Bxd6 16. Rxd6 O-O 17. Rad1 h6 18. Bh4 g5 19. Bg3 Nc5 20. Be5 Ne8 21. Rc6 Nxb3 22. cxb3 Ng7 23. f4 f6 24. Bc3 gxf4 25. Rdd6 a5 26. a3 f3 27. Rd3 b4 28. Be1 Rfe8 29.
Rxf3 Kf7 30. axb4 axb4 31. Bxb4 Ra1+ 32. Kg2 Nf5 33.
Rc7+ Kg6 34. Rc4 h5 35. Rfc3 Rb1 36. Ba3 Rd8 37. Rc1 Rxc1 38. Rxc1 Rd3 39. Rc3 Rd2 40. b4 e5 41. b5 Rd7 42. b6 Rb7 43. Bc5 Nd4 44. Ra3 Ne6 45. b4 Kf7 46. Ra7 Nd8 47. Bd6 Ke6 48. Bc7 Kd7 49. Bxd8 Kc6 50. Rxb7 Kxb7 51. Bxf6 1-0

[Event "Nové Hrady - Rapid A"]
[Site "Nové Hrady, Czech Republic"]
[Date "2023.08.12"]
[Round "6.5"]
[White "Drda, Štěpán"]
[Black "Šlechta, Adam"]
[Result "0-1"]
[TimeControl "2x20min+5s"]
[WhiteFideId "23731567"]
[BlackFideId "23734450"]
[WhiteElo "1582"]
[BlackElo "1409"]

1. c4 g6 2. Nc3 Bg7 3. g3 Nf6 4. Bg2 d6 5. Nf3 O-O 6. O-O a6 7. d3 c5 8. Rb1 Nc6 9. a3 Rb8 10. b4 Nd7 11. bxc5 Bxc3 12. Qc2 Bg7 13.
Be3 Nxc5 14. Nd2 Qc7 15. Nb3 Nxb3 16. Qxb3 b5 17. Rfc1 Na5 18. Qb4 Nc6 19. cxb5 Nxb4 20. Rxc7 Na2 21. b6 Nc3 22. Re1 Nb5 23. Rxe7 Bd4 24. Bxd4 Nxd4 25.
Rb1 Be6 26. Kf1 d5 27. e4 dxe4 28. Bxe4 Bf5 29. b7 Bxe4 30. Rxe4 Ne6 31. Ra4 Kg7 32. Ke2 Rfe8 33. Kd2 Red8 34. Kc3 Nc5 35. Rab4 Nxd3 36. Rc4 Ne5 37. Re4 Nc6 38. Ra4 Rd7 39. Rxa6 Nd8 40. Ra8 Rbxb7 41. Rxb7 Nxb7 42. Kc4 Rd2 0-1

[Event "Nové Hrady - Rapid A"]
[Site "Nové Hrady, Czech Republic"]
[Date "2023.08.12"]
[Round "6.7"]
[White "Rausch, Rudolf"]
[Black "Martinkovič, Adam"]
[Result "0-1"]
[TimeControl "2x20min+5s"]
[WhiteFideId "1639455"]
[BlackFideId "23728019"]
[WhiteElo "1861"]
[BlackElo "1808"]

1. d4 c5 2. d5 e6 3. dxe6 fxe6 4. Nc3 d5 5. Nf3 Nf6 6. e3 Nc6 7. Bb5 Bd7 8. O-O Bd6 9. h3 O-O 10.
a3 a6 11. Be2 Be8 12. Nh2 Bg6 13. Ng4 b5 14. Bd3 Bxd3 15. cxd3 Qe7 16. Rb1 Nxg4 17. Qxg4 Ne5 18. Qd1 c4 19.
d4 Nd3 20. Ne2 Qh4 21. f4 Rf6 22. Bd2 Raf8 23. Be1 Qh6 24. Rf3 g5 25. Rg3 Rg6 26. Rxg5 Rxg5 27. fxg5 Qxg5 28. Nf4 Nxf4 29.
exf4 Bxf4 30. Qg4 Qxg4 31. hxg4 Be3+ 32. Kh2 Rf1 33. g3 Bf2 0-1

[Event "Nové Hrady - Rapid A"]
[Site "Nové Hrady, Czech Republic"]
[Date "2023.08.12"]
[Round "6.8"]
[White "Slabý, Martin"]
[Black "Hokr, Matyáš"]
[Result "1/2-1/2"]
[TimeControl "2x20min+5s"]
[WhiteFideId "23713593"]
[BlackFideId "23734663"]
[WhiteElo "1309"]
[BlackElo "1228"]

1. g4 d5 2. Bg2 Bxg4 3. c4 c6 4. cxd5 cxd5 5. Qb3 Qc8 6. Nc3 e6 7. Qa4+ Qc6 8. Qxg4 Nf6 9. Qf3 Nbd7 10.
d4 Bb4 11. Bg5 Ne4 12. Bd2 Nxd2 13. Kxd2 Nf6 14. a3 Ne4+ 15. Kc2 Bxc3 16. bxc3 Qa4+ 17. Kd3 Qc4+ 18. Kc2 Qa4+ 19. Kd3 Qc4+ 20.
Kc2 Rc8 21. Qd3 Qa4+ 22. Kb2 Rxc3 23. Qxc3 Nxc3 24. Kxc3 Qc4+ 25. Kb2 Qxd4+ 26. Ka2 1/2-1/2

[Event "Nové Hrady - Rapid A"]
[Site "Nové Hrady, Czech Republic"]
[Date "2023.08.12"]
[Round "7.1"]
[White "Urban, Zdeněk"]
[Black "Půlpán, Jakub"]
[Result "1/2-1/2"]
[TimeControl "2x20min+5s"]
[WhiteFideId "312754"]
[BlackFideId "302759"]
[WhiteElo "2048"]
[BlackElo "2515"]

1. d4 Nf6 2. c4 e6 3. Nc3 Bb4 4. Qc2 O-O 5. Bd2 c5 6.
e3 d5 7.
Nf3 cxd4 8. Nxd4 e5 9. Nb3 d4 10. Nd1 Nc6 11. Bd3 e4 12. Bxe4 Bxd2+ 13. Nxd2 Nb4 14. Qb3 dxe3 15. Nxe3 Nxe4 16.
Nxe4 Nd3+ 17. Kf1 Nf4 18.
Rd1 Qe7 19. f3 Be6 1/2-1/2

[Event "Nové Hrady - Rapid A"]
[Site "Nové Hrady, Czech Republic"]
[Date "2023.08.12"]
[Round "7.2"]
[White "Babula, Milan"]
[Black "Pochinkov, Andrey"]
[Result "1-0"]
[TimeControl "2x20min+5s"]
[WhiteFideId "300632"]
[BlackFideId "4146387"]
[WhiteElo "2212"]
[BlackElo "2052"]

1. e4 e6 2. d4 d5 3.
Nc3 Bb4 4. Nge2 dxe4 5. a3 Be7 6. Nxe4 Nc6 7. g3 Nf6 8. Bg2 O-O 9. O-O e5 10. Nxf6+ Bxf6 11.
d5 Ne7 12. c4 Nf5 13. Bd2 Re8 14.
Bc3 e4 15. Qc2 e3 16. Be4 Bxc3 17. Nxc3 Qg5 18. Rae1 exf2+ 19. Qxf2 g6 20. c5 Nh6 21. Bg2 Bf5 22. d6 Rxe1 23.
Rxe1 cxd6 24. cxd6 Rd8 25. Qd4 Be6 26. Ne4 Qa5 27. Nf6+ Kf8 28. Nxh7+ Kg8 29. Nf6+ Kf8 30. b4 Qb6 31. Qxb6 axb6 32. Rd1 Nf5 33. Bxb7 Nxd6 34. Bc6 Ke7 35.
Ne4 Nxe4 36. Rxd8 Kxd8 37. Bxe4 b5 38. Kf2 Kc7 39. Ke3 Kd6 40. Kd4 Bd7 41. h4 f5 42. Bc2 Be8 43.
Bb3 Ke7 44. Ke5 Bd7 45. Bd5 Be8 46. Bf3 Bd7 47. h5 g5 48. Bd5 g4 49. h6 Kf8 50. Kf6 1-0

[Event "Nové Hrady - Rapid A"]
[Site "Nové Hrady, Czech Republic"]
[Date "2023.08.12"]
[Round "7.3"]
[White "Hák, David"]
[Black "Steinbauer, Sebastián"]
[Result "1-0"]
[TimeControl "2x20min+5s"]
[WhiteFideId "377007"]
[BlackFideId "399272"]
[WhiteElo "2123"]
[BlackElo "1833"]

1. d4 Nf6 2. c4 d5 3.
cxd5 Nxd5 4. e4 Nf6 5. Nc3 g6 6. Bc4 Bg7 7.
e5 Nfd7 8. Qb3 O-O 9. Bxf7+ Kh8 10. Nf3 Nb6 11. h4 Nc6 12. h5 gxh5 13. Rxh5 Bg4 14. Rxh7+ Kxh7 15. Qc2+ Kh8 16. Ng5 Rxf7 17. Qh7# 1-0

[Event "Nové Hrady - Rapid A"]
[Site "Nové Hrady, Czech Republic"]
[Date "2023.08.12"]
[Round "7.4"]
[White "Šlechta, Adam"]
[Black "Garabik, Marek"]
[Result "1-0"]
[TimeControl "2x20min+5s"]
[WhiteFideId "23734450"]
[BlackFideId "23717742"]
[WhiteElo "1409"]
[BlackElo "1767"]

1. d4 d5 2. c4 e6 3. Nc3 Nf6 4. Bf4 Nbd7 5. e3 c6 6. Nf3 Be7 7. Be2 O-O 8. c5 Nh5 9. Bg3 Nxg3 10. hxg3 b6 11. Qc2 Nf6 12.
b4 b5 13. Bd3 g6 14. Ne5 Bb7 15. Nxg6 fxg6 16. Bxg6 Rf7 17. Bxf7+ Kxf7 18. a4 a6 19. axb5 axb5 20. O-O Kg7 21. Qe2 Qe8 22. Rxa8 Bxa8 23.
Ra1 Bb7 24. Kf1 Bc8 25. Qf3 Bd7 26. e4 dxe4 27. Nxe4 Qb8 28. Nxf6 Bxf6 29. Qf4 Qxf4 30. gxf4 Kg6 31. g4 Be8 32. Ra8 Bd7 33. Ke2 Kf7 34. Ke3 h6 35. f3 Bh4 36. Rh8 Kg7 37.
Ra8 Kf7 38. Ke4 Bf6 39. Ra7 Ke8 40. Ra8+ Kf7 41. f5 exf5+ 42. gxf5 h5 43. Ra7 Ke8 44. d5 cxd5+ 45. Kxd5
Bxf5 46. Kc6 h4 47. Kxb5 h3 48. Ra2 Kd7 49. Kb6 Be5 50. Kb7 h2 51. c6 Kd8 52. Rd2+ Ke7 53. Rd1 Bh3 54. Re1 Kf6 55.
b5 1-0

[Event "Nové Hrady - Rapid A"]
[Site "Nové Hrady, Czech Republic"]
[Date "2023.08.12"]
[Round "7.6"]
[White "Prinz, Hubert"]
[Black "Kukla, Josef"]
[Result "1-0"]
[TimeControl "2x20min+5s"]
[WhiteFideId "1639447"]
[BlackFideId "23725869"]
[WhiteElo "2038"]
[BlackElo "1364"]

1. d4 c5 2. e3 e6 3.
Nf3 d5 4. c3 Nf6 5. Bd3 Nc6 6. O-O c4 7.
Bc2 g6 8. b3 b5 9. a4 bxa4 10. bxc4 Ba6 11. Bxa4 Qc7 12. Ne5 Bb7 13. cxd5 exd5 14. Qf3 Bg7 15. Ba3 O-O-O 16. Nxc6 Bxc6 17.
Bxc6 Qxc6 18. Bc5 a6 19. c4 Rd7 20. Nc3 Rhd8 21. cxd5 Nxd5 22. Nxd5 Rxd5 23. Qxf7 R8d7 24. Qe8+ Kc7 25. Be7 1-0

[Event "Nové Hrady - Rapid A"]
[Site "Nové Hrady, Czech Republic"]
[Date "2023.08.12"]
[Round "7.7"]
[White "Hokr, Matyáš"]
[Black "Rausch, Rudolf"]
[Result "0-1"]
[TimeControl "2x20min+5s"]
[WhiteFideId "23734663"]
[BlackFideId "1639455"]
[WhiteElo "1228"]
[BlackElo "1861"]

1. e4 g6 2. d4 d6 3.
Nc3 Bg7 4. f4 Nf6 5. Nf3 O-O 6.
Bc4 Nc6 7. d5 Na5 8. Bd3 b6 9. O-O Nb7 10. Be3 Ng4 11. Bd4 Bxd4+ 12. Nxd4 Nc5 13. Bb5 Ne3 14. Qd2 Nxf1 15. Rxf1 Bb7 16.
f5 a6 17. Bc6 Bxc6 18. dxc6 Kg7 19. b4 e5 20. f6+ Kh8 21. bxc5 exd4 22. Qxd4 bxc5 23. Qe3 Qe8 24. Nd5 Qe5 25.
Ne7 Qd4 26. Qxd4 cxd4 27. Nd5 Ra7 28.
Rb1 h6 29. Kf2 g5 30. Kf3 Kh7 31. g4 Kg6 32. Ke2 Re8 33. Kd3 a5 34.
Kxd4 a4 35. a3 h5 36. h3 hxg4 37. hxg4 Rh8 38. c3 Rh4 39. Rg1 Rh2 40. e5 Rd2+ 41. Ke3 Rxd5 0-1

[Event "Nové Hrady - Rapid A"]
[Site "Nové Hrady, Czech Republic"]
[Date "2023.08.12"]
[Round "7.8"]
[White "Slabý, Matěj"]
[Black "Slabý, Martin"]
[Result "1-0"]
[TimeControl "2x20min+5s"]
[WhiteFideId "23734876"]
[BlackFideId "23713593"]
[WhiteElo "1944"]
[BlackElo "1309"]

1. d4 Nf6 2. Nf3 e6 3. e3 Nc6 4. Bd3 Bb4+ 5. c3 Ba5 6. O-O a6 7. e4 d6 8. Bg5 h6 9. Bh4 g5 10.
Nxg5 hxg5 11. Bxg5 e5 12. Qf3 Bg4 13. Qxf6 Qxf6 14. Bxf6 Rg8 15. Re1 Rg6 16. Bh4 exd4 17. e5 Kd7 18.
Bxg6 fxg6 19. h3 Be6 20. exd6 cxd6 21. Rd1 Bb6 22. Bg3 Rf8 23. cxd4 Nxd4 24. Nc3 Bc5 25. b4 Bxb4 26. Rxd4 Bxc3 27.
Rxd6+ Ke7 28. Rc1 Ba5 29. Rd4 Bb6 30. Bd6+ Ke8 31. Bxf8 Bxd4 32. Bc5 Bg7 33. a3 Bb2 34. Rb1 b6 35.
Bxb6 Bxa3 36. Ra1 Bd6 37.
Rxa6 Kd7 38. Ra7+ Kc6 39. Be3 Bc7 40. Ra6+ Kd7 41. f3 Bf7 42. Ra7 Kc6 43. Kf2 Bc4 44. g4 Bd3 45. h4 Bb8 46.
Rg7 Be5 47. Rg8 Bc4 48. Rxg6+ Kd5 49. h5 1-0